 Dungeon Crawl Stone Soup version 0.28-a0-909-g796cbd3a86 (webtiles) character file.

Game seed: 11360004145404995476

7 SmokeWeed the Slasher (level 1, -1/18 HPs)
             Began as a Minotaur Gladiator on Nov 24, 2021.
             Slain by a kobold (2 damage)
             ... on level 1 of the Dungeon.
             The game lasted 00:00:34 (147 turns).

SmokeWeed the Slasher (Minotaur Gladiator)           Turns: 147, Time: 00:00:36

Health: -1/18      AC:  6    Str: 18    XL:     1   Next: 91%
Magic:  0/0        EV: 10    Int:  5    God:
Gold:   37         SH:  0    Dex: 11    Spells: 0/0 levels left

rFire   . . .      SeeInvis .   a - +0 long sword
rCold   . . .      Faith    .   (no shield)
rNeg    . . .      Spirit   .   g - +0 scale mail
rPois   .          Reflect  .   c - +0 hat
rElec   .          Harm     .   (no cloak)
rCorr   .          Rampage  .   (no gloves)
Will    .....                   (no boots)
Stlth   ..........              (no amulet)
HPRegen 0.06/turn               (no ring)
MPRegen 0.07/turn               (no ring)

@: lethally poisoned (-1 -> -7)
A: horns 2, retaliatory headbutt
a: no special abilities


You were on level 1 of the Dungeon.
You visited 1 branch of the dungeon, and saw 1 of its levels.

You collected 37 gold pieces.

Inventory:

Hand Weapons
 a - a +0 long sword (weapon)
Missiles
 d - 2 throwing nets (quivered)
Armour
 b - a +0 leather armour
 c - a +0 hat (worn)
 g - a +0 scale mail (worn)
Scrolls
 e - a scroll of enchant weapon {unknown}
 f - a scroll of identify {unknown}


   Skills:
 + Level 2.5 Fighting
 + Level 4.0 Long Blades
 + Level 2.0 Throwing
 + Level 3.5 Dodging


You couldn't memorise any spells.
You didn't know any spells.
Your spell library was empty.

Dungeon Overview and Level Annotations

Branches:
Dungeon (1/15)

Altars:


Innate Abilities, Weirdness & Mutations

You have a pair of horns on your head.
You reflexively headbutt those who attack you in melee.


Message History

You kill the hobgoblin!
No target in view!
Things that are here:
a +0 dagger; a kobold corpse A kobold comes into view.
It is wielding a +1 dagger of venom.
Found a pair of boots.
The kobold shouts!
You hear a shout!
A goblin comes into view. It is wielding a +0 club.
The goblin shouts!
The kobold hits you but does no damage.
You are poisoned.
You barely miss the kobold.
You feel sick.
The kobold hits you with a +1 dagger of venom.
You are lethally poisoned!
You slash the goblin!
You kill the goblin!
You feel very sick.
The kobold hits you with a +1 dagger of venom.
Your Long Blades skill increases to level 4!
You are too injured to fight recklessly!
Throw: 3 throwing nets
Press: ? - help, Q - select action Shift-Dir - straight line, f - kobold
Aim: a kobold, wielding a +1 dagger of venom and quivering stones (50% to hit)
You throw a throwing net.
The throwing net completely misses the kobold.
You feel sick.
The kobold hits you with a +1 dagger of venom.
* * * LOW HITPOINT WARNING * * *
You hit the kobold but do no damage.
* * * LOW HITPOINT WARNING * * *
You feel very sick. The kobold hits you but does no damage.
A kobold comes into view.
It is wielding a +2 short sword of draining.
You closely miss the kobold.
The kobold shouts!
Your headbutt misses the kobold.
* * * LOW HITPOINT WARNING * * *
You feel sick.
The kobold hits you with a +1 dagger of venom.
You die...

........######### #####
#.####
................# #...#
#....+
#####...........#
#.#.###.####
#...........###<#..'..#
#.............#.#.###.#
#.............#...# #.#
#.............##### #.#
#########.....# #.#
#.@...# #.# #.)K..# #.#
#.....# #.. #....(#
.....[# K......#
.......# ........#


You could see 2 kobolds.

Vanquished Creatures
  A giant cockroach (D:1)
  A goblin (D:1)
  A hobgoblin (D:1)
  A kobold (D:1)
  A ball python (D:1)
  2 frilled lizards (D:1)
7 creatures vanquished.

Notes
Turn   | Place    | Note
-------+----------+-------------------------------------------
     0 | D:1      | SmokeWeed the Minotaur Gladiator began the quest for the
                  | Orb.
     0 | D:1      | Reached XP level 1. HP: 18/18 MP: 0/0
   145 | D:1      | Reached skill level 4 in Long Blades
   147 | D:1      | Slain by a kobold

Illustrated notes

Levels and vault maps discovered:
D:1:      dpeg_arrival_renting, layout_basic, hangedman_decor_points

Skill      XL: |  1 |
---------------+----+-----
Long Blades    | 4 |  4.0
Fighting       | |  2.5
Throwing       | |  2.0
Dodging        | |  3.5

Action                   || total
-------------------------++-------
Melee: Long sword        ||    11
       Headbutt          ||     2
Throw: Throwing net      ||     1
Armor: Scale mail        ||     3
       Leather armour    ||     1
Dodge: Dodged            ||     7

Table legend: (Time is in decaauts)
 A = Elapsed time spent in this place.
 B = Non-inter-level travel time spent in this place.
 C = Inter-level travel time spent in this place.
 D = Time resting spent in this place.
 E = Time spent auto-exploring this place.
 F = Levels seen in this place.
 G = Mean time per level.
                   A        B        C        D        E       F      G
               +--------+--------+--------+--------+--------+-----+--------+
         Total |    148 |    148 |      0 |      0 |     94 |   1 |  148.0 |
       Dungeon |    148 |    148 |      0 |      0 |     94 |   1 |  148.0 |
               +--------+--------+--------+--------+--------+-----+--------+

Top non-repeatable levels by time:
     D:1: 148 daAuts
